 Dungeon Crawl Stone Soup version 0.29-a0-830-gcb1280458a (webtiles) character file.

Game seed: 6440613504741828028

9 blackman the Charlatan (level 2, 21/21 HPs)
             Began as a Human Artificer on July 11, 2022.
             Was a Follower of Vehumet.
             Quit the game on level 1 of the Dungeon.
             The game lasted 00:00:51 (352 turns).

blackman the Charlatan (Human Artificer)             Turns: 352, Time: 00:00:52

Health: 21/21      AC:  3    Str: 12    XL:     2   Next: 25%
Magic:  2/2        EV: 11    Int: 11    God:    Vehumet [*.....]
Gold:   0          SH:  0    Dex: 13    Spells: 1/1 levels left

rFire   . . .      SeeInvis .   a - +0 club
rCold   . . .      Faith    .   (no shield)
rNeg    . . .      Spirit   .   b - +0 leather armour
rPois   .          Reflect  .   (no helmet)
rElec   .          Harm     .   (no cloak)
rCorr   .          Rampage  .   (no gloves)
Will    .....                   (no boots)
Stlth   +.........              (no amulet)
HPRegen 0.07/turn               (no ring)
MPRegen 0.08/turn               (no ring)

@: no status effects
A: no striking features
a: Renounce Religion


You were on level 1 of the Dungeon.
You worshipped Vehumet.
Vehumet was aware of your devotion.
You visited 1 branch of the dungeon, and saw 1 of its levels.

Inventory:

Hand Weapons
 a - a +0 club (weapon)
Armour
 b - a +0 leather armour (worn)
Wands
 c - a wand of flame (15) (quivered)
 d - a wand of charming (15)
 e - a wand of iceblast (9)
Scrolls
 g - a scroll of identify {unknown}
 h - a scroll of poison {unknown}
Potions
 f - a potion of curing {unknown}


   Skills:
 - Level 1.0 Fighting
 - Level 2.0 Armour
 - Level 1.0 Dodging
 - Level 1.0 Stealth
 * Level 3.6 Evocations


You had one spell level left.
You didn't know any spells.
Your spell library was empty.

Dungeon Overview and Level Annotations

Branches:
Dungeon (1/15)

Altars:
Vehumet


Message History

Key pressed, stopping explore.
Key pressed, stopping explore.
Key pressed, stopping explore.
Found a faded altar of an unknown god.
A dart slug comes into view.
You hit the dart slug.
The dart slug is lightly wounded.
The dart slug bites you but does no damage.
You hit the dart slug.
The dart slug is heavily wounded.
The dart slug briefly extends its eye-stalks.
The dart slug barely misses you.
You hit the dart slug.
The dart slug is heavily wounded.
The dart slug bites you but does no damage.
You hit the dart slug.
The dart slug is severely wounded.
The dart slug launches a dart at you. The slug dart misses you.
You hit the dart slug.
The dart slug is almost dead.
The dart slug bites you but does no damage.
You hit the dart slug but do no damage.
The dart slug is almost dead.
The dart slug bites you.
You hit the dart slug.
You kill the dart slug!
No target in view!
There is a faded altar of an unknown god here.
h - a scroll labelled DOIFFE EJOEBB
There is a faded altar of an unknown god here.
There is a faded altar of an unknown god here.
You cannot tell which god this altar belongs to.
Convert to them anyway?
Okay, then.
You cannot tell which god this altar belongs to.
Convert to them anyway?
Vehumet accepts your prayer! Vehumet welcomes you!
You can now gain magical power from killing.
Vehumet offers you knowledge of Shock.
Are you sure you want to abandon this character and quit the game? (Confirm with "yes".)

#...##....#
##...#.....#####
#...##..........
##...#.......####
#....#...###†#
##........###.#
#.............#
#...........>.#
#@....#.......#
#.....#.[.....####
#....##...........
##...#############
#...# ##...# ####
#...# #... #....#
#.>. ....# ..


There were no monsters in sight!

Vanquished Creatures
  A dart slug (D:1)
  3 hobgoblins (D:1)
  2 bats (D:1)
  A kobold (D:1)
7 creatures vanquished.

Notes
Turn   | Place    | Note
-------+----------+-------------------------------------------
     0 | D:1      | blackman the Human Artificer began the quest for the Orb.
     0 | D:1      | Reached XP level 1. HP: 15/15 MP: 1/1
   188 | D:1      | Reached XP level 2. HP: 12/21 MP: 2/2
   321 | D:1      | Found a faded altar of an unknown god.
   351 | D:1      | Prayed at the altar of an unknown god.
   351 | D:1      | Became a worshipper of Vehumet
   351 | D:1      | Reached * piety under Vehumet
   351 | D:1      | Offered knowledge of Shock by Vehumet.
   352 | D:1      | Quit the game

Illustrated notes

Levels and vault maps discovered:
D:1:      ncdulo_wetmaze, layout_basic, hellmonk_ecumenical_altar_zigzags

Action                   || total
-------------------------++-------
Melee: Club              ||    31
 Stab: Sleeping          ||     1
Armor: Leather armour    ||    21
Dodge: Dodged            ||    26

Table legend: (Time is in decaauts)
 A = Elapsed time spent in this place.
 B = Non-inter-level travel time spent in this place.
 C = Inter-level travel time spent in this place.
 D = Time resting spent in this place.
 E = Time spent auto-exploring this place.
 F = Levels seen in this place.
 G = Mean time per level.
                   A        B        C        D        E       F      G
               +--------+--------+--------+--------+--------+-----+--------+
         Total |    369 |    365 |      4 |      0 |    281 |   1 |  369.0 |
       Dungeon |    369 |    365 |      4 |      0 |    281 |   1 |  369.0 |
               +--------+--------+--------+--------+--------+-----+--------+

Top non-repeatable levels by time:
     D:1: 369 daAuts
